 Dungeon Crawl Stone Soup version 0.29-a0-275-g389c0b56f3 (webtiles) character file.

Game seed: 9033115821035704974

2026 sammy202020 the Fighter (level 9, 74/74 HPs)
             Began as a Demonspawn Berserker on Mar 12, 2022.
             Was a Priest of Trog.
             Quit the game on level 7 of the Dungeon.
             The game lasted 00:15:10 (7145 turns).

sammy202020 the Fighter (Demonspawn Berserker)      Turns: 7145, Time: 00:15:11

Health: 74/74      AC: 14    Str: 19    XL:     9   Next: 3%
Magic:  9/9        EV:  7    Int: 19    God:    Trog [***...]
Gold:   394        SH:  0    Dex: 13    Spells: 8/8 levels left

rFire   . . .      SeeInvis .   t - +7 club
rCold   . . .      Faith    .   (no shield)
rNeg    . . .      Spirit   .   n - +0 plate armour
rPois   +          Reflect  .   u - +0 helmet
rElec   .          Harm     .   i - +0 cloak {rPois}
rCorr   .          Rampage  .   (no gloves)
Will    .....                   (no boots)
Stlth   ..........              (no amulet)
HPRegen 0.22/turn               l - +6 ring of intelligence
MPRegen 0.11/turn               (no ring)

@: no status effects
A: spiny 2, big brain 1, demonic magic 1, demonic touch 1
a: Renounce Religion, Berserk, Trog's Hand


You were on level 7 of the Dungeon.
You worshipped Trog.
Trog was most pleased with you.
You visited 2 branches of the dungeon, and saw 8 of its levels.
You also visited: Ossuary.

You collected 394 gold pieces.

Inventory:

Hand Weapons
 t - a +7 club (weapon)
 E - a +0 morningstar
 H - a +2 whip of flaming
Missiles
 h - 6 atropa-tipped darts (quivered)
 y - 14 poisoned darts
Armour
 i - a +0 cloak of poison resistance (worn)
 n - a +0 plate armour (worn)
 r - the +3 leather armour "Seept" {+Blink Int+3 Stlth+}
   (You found it on level 6 of the Dungeon)

   Int:       It affects your intelligence (+3).
   +Blink:    It lets you blink.
   Stlth:     It makes you more stealthy.
 u - a +0 helmet (worn)
Jewellery
 l - a +6 ring of intelligence (left hand)
 q - a ring of ice
Wands
 e - a wand of paralysis (13)
 j - a wand of iceblast (18)
 x - a wand of polymorph (10)
Scrolls
 a - 2 scrolls of identify
 c - a scroll of torment
 d - 4 scrolls of teleportation
 k - 3 scrolls of magic mapping
 m - a scroll of enchant weapon
Potions
 b - a potion of lignification {unknown}
 f - a potion of invisibility
 g - a potion of flight
 o - a potion of cancellation
 p - a potion of berserk rage
 v - a potion of might {unknown}
 w - 2 potions of magic {unknown}
 z - 4 potions of curing {unknown}
 A - a potion of brilliance {unknown}
 B - 2 potions of attraction
 C - a potion of degeneration {unknown}
 D - a potion of ambrosia
 F - a potion of mutation {unknown}
 G - 4 potions of heal wounds {unknown}
Miscellaneous
 s - a tin of tremorstones (2/2)


   Skills:
 * Level 8.1 Fighting
 + Level 5.5 Maces & Flails
 + Level 5.0 Armour
 + Level 5.0 Dodging


You had 8 spell levels left.
You didn't know any spells.
Your spell library was empty.

Dungeon Overview and Level Annotations

Branches:
Dungeon (7/15)             Temple (1/1) D:4         Ossuary (visited)

Altars:
Ashenzari
Cheibriados
Dithmenos
Elyvilon
Fedhas
Gozag
Hepliaklqana
Kikubaaqudgha
Makhleb
Nemelex Xobeh
Okawaru
Ru
Uskayaw
Vehumet
Wu Jian
Xom
Yredelemnul
Zin
The Shining One

Annotations:
D:7 2 transporters, HilariousDeathArtist's ghost, novice TeGl


Innate Abilities, Weirdness & Mutations

You are mostly covered in sharp spines.
You have an unusually large brain. (Int +2)
Spells you cast may paralyse adjacent enemies.
Your touch may inflict minor irresistible damage on your foes.


Message History

Trog accepts your kill.
With Pikel's spell broken, his former minions thank you for their freedom.
The lemure departs this earthly plane. x2
You feel yourself speed up.
Your Fighting skill increases to level 8!
Your Armour skill increases to level 5!
Your Dodging skill increases to level 5!
You have reached level 9!
Your experience leads to an increase in your attributes!
Your base attributes are Str 17, Int 11, Dex 13.
Increase (S)trength, (I)ntelligence, or (D)exterity?
Uppercase letters only, please.
You feel stronger. x2; Your demonic ancestry asserts itself...
Your brain expands.
x - a wand of polymorph (10)
Things that are here:
a +2 whip of flaming; a +0 robe
H - a +2 whip of flaming You recover from your berserk rage.
You feel the effects of Trog's Hand fading.
Your skin stops crawling.
You feel less strong-willed.
Your extra speed is starting to run out.
You feel yourself slow down.
You hear the loud creaking of a very distant portcullis.
You hear the loud creaking of a very distant portcullis.
You hear the loud creaking of a very distant portcullis.
You hear the loud creaking of a very distant portcullis.
The portcullis has been lowered almost to the ground.
The walls and floor vibrate strangely for a moment.
You now have 394 gold pieces (gained 14).
The killer bee buzzes angrily.
You hear an angry buzzing noise. x2
The killer bee buzzes angrily.
You hear an angry buzzing noise.
The queen bee buzzes angrily.
You hear an angry buzzing noise.
Partly explored, unvisited transporter and can't reach some places.
Partly explored, unvisited transporter and can't reach some places.
No target in view!
Partly explored, unvisited transporter and can't reach some places.
Partly explored, unvisited transporter and can't reach some places.
There is a stone staircase leading up here.
Are you sure you want to abandon this character and quit the game? (Confirm with "yes".)

##.......###...##.#
#
#....###.###......#
# #....#
#.......##.# #
#....# #.####.###.#
# ♣PP♣P♣ #.# #.#
#.# # ♣♣PP.♣ ###
#<# #.# # ♣♣.♣♣ #.#
#.# # ♣♣. #.# #.#
###### ♣♣
#@###.#######.....
#.#.#.............
#....##.##########
###.###.# #
#......# # #####
#..##### # #...#
#..# # ###.# #..#
#### #.#
#..###########...


There were no monsters in sight!

Vanquished Creatures
  Pikel (D:7)
  Prince Ribbit (D:5)
  A water moccasin (D:6)
  2 lemures (D:7)
  A phantom (D:6)
  A centaur (D:5)
  3 bullfrogs
  A scorpion (D:6)
  2 water moccasin zombies (Ossuary)
  4 killer bees (D:7)
  A howler monkey (D:6)
  2 jellies
  A hound (D:4)
  An orc priest (D:6)
  A gnoll shaman (D:6)
  Jessica (D:3)
  3 iguanas
  An orc wizard (D:7)
  2 mummies (Ossuary)
  Robin (D:3)
  4 adders
  5 gnolls (D:6)
  A shadow imp (D:7)
  3 white imps
  2 ufetubi
  5 adder zombies (Ossuary)
  2 worms
  A dart slug (D:5)
  8 orcs
  9 ball pythons
  7 bats
  3 endoplasms
  3 giant cockroaches
  19 goblins
  7 hobgoblins
  A quokka (D:4)
  2 frilled lizards (D:2)
  5 gnoll zombies (Ossuary)
  8 hobgoblin zombies (Ossuary)
  8 kobolds
  A kobold zombie (Ossuary)
  6 orc zombies (Ossuary)
  5 rats
146 creatures vanquished.

Notes
Turn   | Place    | Note
-------+----------+-------------------------------------------
     0 | D:1      | sammy202020 the Demonspawn Berserker began the quest for
                  | the Orb.
     0 | D:1      | Reached XP level 1. HP: 18/18 MP: 1/1
   598 | D:1      | Found a faded altar of an unknown god.
   670 | D:1      | Gained mutation: You are partially covered in sharp spines.
                  | [demonic ancestry]
   670 | D:1      | Reached XP level 2. HP: 23/24 MP: 2/2
  1407 | D:2      | Gained mutation: Your touch may inflict minor irresistible
                  | damage on your foes. [demonic ancestry]
  1407 | D:2      | Reached XP level 3. HP: 29/29 MP: 3/3
  1684 | D:2      | Reached ** piety under Trog
  2046 | D:2      | Reached XP level 4. HP: 37/37 MP: 4/4
  2595 | D:3      | Noticed Jessica
  2602 | D:3      | Killed Jessica
  2603 | D:3      | Reached skill level 4 in Fighting
  2846 | D:3      | Noticed Robin
  2862 | D:3      | Killed Robin
  3067 | D:3      | Found a sacrificial altar of Ru.
  3329 | D:4      | Reached XP level 5. HP: 42/42 MP: 5/5
  3677 | D:4      | Found a staircase to the Ecumenical Temple.
  3766 | Temple   | Entered the Ecumenical Temple
  4068 | D:5      | Entered Level 5 of the Dungeon
  4202 | D:5      | Found a sand-covered staircase.
  4219 | Ossuary  | Entered an ossuary
  4276 | Ossuary  | Reached *** piety under Trog
  4277 | Ossuary  | Gained mutation: You are mostly covered in sharp spines.
                  | [demonic ancestry]
  4277 | Ossuary  | Reached XP level 6. HP: 50/50 MP: 6/6
  4297 | Ossuary  | Reached skill level 5 in Fighting
  5369 | D:5      | Reached XP level 7. HP: 51/56 MP: 7/7
  5472 | D:5      | Noticed Prince Ribbit
  5479 | D:5      | Killed Prince Ribbit
  5480 | D:5      | Reached skill level 6 in Fighting
  5596 | D:6      | Identified the +3 leather armour "Seept" {+Blink Int+3
                  | Stlth+}
  5625 | D:6      | Found a shadowy altar of Dithmenos.
  5923 | D:6      | Gained mutation: Spells you cast may paralyse adjacent
                  | enemies. [demonic ancestry]
  5923 | D:6      | Reached XP level 8. HP: 63/65 MP: 8/8
  6057 | D:6      | Found a hazy altar of Hepliaklqana.
  6202 | D:7      | Found a transporter.
  6202 | D:7      | Found a transporter.
  6203 | D:7      | Noticed HilariousDeathArtist's ghost (novice TeGl)
  6203 | D:7      | Noticed a queen bee
  6220 | D:7      | Reached skill level 7 in Fighting
  6284 | D:7      | Reached skill level 5 in Maces & Flails
  6286 | D:7      | Reached **** piety under Trog
  6660 | D:7      | Found a flagged portal.
  6776 | D:7      | Noticed Pikel
  6802 | D:7      | HP: 4/100 [Pikel/+2 whip of flaming (10)]
  6802 | D:7      | HP: 1/100 [Pikel/+2 whip of flaming (3)]
  6823 | D:7      | Killed Pikel
  6824 | D:7      | Reached skill level 8 in Fighting
  6824 | D:7      | Reached skill level 5 in Armour
  6824 | D:7      | Reached skill level 5 in Dodging
  6824 | D:7      | Gained mutation: You have an unusually large brain. (Int
                  | +2) [demonic ancestry]
  6824 | D:7      | Reached XP level 9. HP: 19/74 MP: 9/9
  7145 | D:7      | Quit the game

Illustrated notes

Levels and vault maps discovered:
D:1:      erik_arrival_cave_to_civilisation [erik_arrival_cave_to_hall],
          layout_basic, basic_ecumenical_altar, minmay_tree_intersection
D:2:      layout_basic, serial_forest, infiniplex_forest_straight_3,
          infiniplex_forest_side_room, infiniplex_forest_straight_2,
          infiniplex_forest_end_1, infiniplex_forest_end_3,
          infiniplex_forest_end_2, infiniplex_forest_split,
          infiniplex_forest_end_2
D:3:      layout_basic, nicolae_ru_awakened_eye, minmay_checkerbox, uniq_robin,
          uniq_jessica
D:4:      cheibrodos_helix_gallery, layout_rooms,
          minmay_temple_entry_nine_rooms, hangedman_decor_opposing,
          minmay_misc_feat_hallway
D:5:      layout_gridville, tso_metal_star, nicolae_ossuary_entry_ruins,
          uniq_prince_ribbit1
D:6:      layout_cave_pools, overflow_temple_1_default,
          grunt_dithmenos_smoke_and_mirrors
D:7:      layout_loops_ring, enter_bailey_2, gammafunk_ghost_hive,
          uniq_crazy_yiuf_cottage, uniq_pikel
Temple:   regret_index_temple_generic_petals

Skill      XL: |  1  2  3  4  5  6  7  8 |
---------------+-------------------------+-----
Armour         | 2 3 4 5 |  5.0
Dodging        | 2 3 4 5 |  5.0
Maces & Flails | 3 4 5 |  5.5
Fighting       | 4 5 6 8 |  8.1

Action                   |  1- 3 |  4- 6 |  7- 9 || total
-------------------------+-------+-------+-------++-------
Melee: Mace              |    77 |    22 |       ||    99
       Touch             |     4 |    31 |    20 ||    55
       Club              |       |   112 |    87 ||   199
       Punch             |       |     1 |     1 ||     2
       Unarmed           |       |       |    16 ||    16
Invok: Berserk           |       |     1 |     2 ||     3
       Trog's Hand       |       |       |     1 ||     1
  Use: Scroll            |       |    16 |       ||    16
       Potion            |       |       |     1 ||     1
Armor: Ring mail         |    19 |       |       ||    19
       Animal skin       |     1 |       |       ||     1
       Plate armour      |       |    86 |    68 ||   154
Dodge: Dodged            |    41 |    26 |    45 ||   112

Table legend: (Time is in decaauts)
 A = Elapsed time spent in this place.
 B = Non-inter-level travel time spent in this place.
 C = Inter-level travel time spent in this place.
 D = Time resting spent in this place.
 E = Time spent auto-exploring this place.
 F = Levels seen in this place.
 G = Mean time per level.
                   A        B        C        D        E       F      G
               +--------+--------+--------+--------+--------+-----+--------+
         Total |   7185 |   7008 |    177 |    228 |   5766 |   9 |  798.3 |
       Dungeon |   6493 |   6368 |    125 |    228 |   5264 |   7 |  927.6 |
        Temple |    262 |    210 |     52 |      0 |    202 |   1 |  262.0 |
       Ossuary |    429 |    429 |      0 |      0 |    299 |   1 |  429.0 |
               +--------+--------+--------+--------+--------+-----+--------+

Top non-repeatable levels by time:
     D:1: 1294 daAuts
     D:2: 1225 daAuts
     D:5: 1077 daAuts
     D:7: 931 daAuts
     D:3: 727 daAuts
     D:6: 644 daAuts
     D:4: 592 daAuts
 Ossuary: 429 daAuts
  Temple: 262 daAuts
